 Dungeon Crawl Stone Soup version 0.24.0-29-g8ce449bc06 (webtiles) character file.

Game seed: 5633800206841366753, levelgen mode: deterministic

7 night the Insei (level 1, -1/16 HPs)
             Began as a Demigod Transmuter on Nov 13, 2019.
             Slain by a jackal (2 damage)
             ... on level 1 of the Dungeon.
             The game lasted 00:01:03 (216 turns).

night the Insei (Demigod Transmuter)                 Turns: 216, Time: 00:01:03

Health: -1/16      AC:  2    Str: 13    XL:     1   Next: 73%
Magic:  5/5        EV:  9    Int: 17    God:
Gold:   36         SH:  7    Dex: 16    Spells: 2/3 levels left

rFire    . . .     SeeInvis .     - Unarmed
rCold    . . .     Gourm    .   f - +0 shield
rNeg     . . .     Faith    .   j - +0 robe
rPois    .         Spirit   .   (no helmet)
rElec    .         Reflect  .   (no cloak)
rCorr    .         Harm     .   (no gloves)
MR       .....                  (no boots)
Stlth    +.........             (no amulet)
HPRegen  0.05/turn              (no ring)
MPRegen  0.09/turn              (no ring)

@: appendage (expiring)
A: horns 2, high mp 1
a: End Transformation


You were on level 1 of the Dungeon.
You were not hungry.
You had grown temporary horns.
You visited 1 branch of the dungeon, and saw 1 of its levels.

You collected 36 gold pieces.

Inventory:

Hand Weapons
 b - a +0 hunting sling
Missiles
 a - 12 arrows
 h - 20 bolts
 i - 39 stones (quivered)
Armour
 f - a +0 shield (worn)
 j - a +0 robe (worn)
Scrolls
 c - a scroll of teleportation {unknown}
 e - 2 scrolls of enchant armour {unknown}
 g - a scroll of random uselessness {unknown}
Comestibles
 d - 4 rations
 k - a chunk of flesh


   Skills:
 + Level 1.1 Fighting
 - Level 1.7 Dodging
 * Level 3.0 Unarmed Combat
 - Level 1.7 Spellcasting
 + Level 1.9 Transmutations


You had 2 spell levels left.
You knew the following spells:

 Your Spells              Type           Power        Failure   Level  Hunger
a - Beastly Appendage     Tmut           #.....       52%         1    #......

Your spell library contained the following spells:

 Spells                   Type           Power        Failure   Level  Hunger
 Sticks to Snakes         Tmut           #.......     67%         2    ###....
 Spider Form              Tmut/Pois      #.........   95%         3    ###....
 Ice Form                 Ice/Tmut       #.......     100%        4    #####..
 Blade Hands              Tmut           #.........   100%        5    ######.


Dungeon Overview and Level Annotations

Branches:
Dungeon (1/15)


Innate Abilities, Weirdness & Mutations

You have an increased reservoir of magic. (+10% MP)
You have a pair of horns on your head.


Message History

You closely miss the jackal. Your headbutt misses the jackal.
You block the jackal's attack. The jackal barely misses you.
You barely miss the jackal. The jackal barely misses you.
You hit the jackal but do no damage.
The jackal bites you but does no damage. x2
You miss the jackal.
Your transformation is almost over.
The jackal bites you.
* * * LOW HITPOINT WARNING * * *
You closely miss the jackal. Your headbutt misses the jackal.
The jackal closely misses you. You block the jackal's attack.
You closely miss the jackal. The jackal bites you.
* * * LOW HITPOINT WARNING * * *
The jackal bites you but does no damage.
Your shield prevents you from hitting the jackal.
The jackal closely misses you. The jackal bites you.
* * * LOW HITPOINT WARNING * * *
You closely miss the jackal. The jackal bites you.
You die...

##.. #......[...# #..
#..........# #.#
#..........#
###.####..........#
#...#.............#
#####.................#
.......##.#...........#
###.#####.#...........#
#.# #.#.####@###### #.#
..#.# ##h# #.# ###.#
#.h# .... #.# #)##
#.#.# .# #†# ..#.# ..#
....# #.## ##... #.
##.# ..


You could see 2 jackals.

Vanquished Creatures
  A giant cockroach (D:1)
  A hobgoblin (D:1)
  A jackal (D:1)
  2 kobolds (D:1)
  2 rats (D:1)
7 creatures vanquished.

Notes
Turn   | Place    | Note
-------+----------+-------------------------------------------
     0 | D:1      | night the Demigod Transmuter began the quest for the Orb.
     0 | D:1      | Reached XP level 1. HP: 15/15 MP: 5/5
    91 | D:1      | Reached skill level 1 in Fighting
   203 | D:1      | Reached skill level 3 in Unarmed Combat
   216 | D:1      | Slain by a jackal

Levels and vault maps discovered:
D:1:      lemuel_arrival_hallway, layout_rooms

Skill      XL: |  1 |
---------------+----+-----
Fighting       | 1 |  1.1
Unarmed Combat | 3 |  3.0
Dodging        | |  1.7
Spellcasting   | |  1.7
Transmutations | |  1.9

Action                   || total
-------------------------++-------
Melee: Unarmed           ||    33
       Headbutt          ||     1
 Cast: Beastly Appendage ||     1
Armor: Robe              ||     7
Dodge: Dodged            ||    14
Block: Shield            ||    10
